AoeStats
← 八二年红塔山

Arena

509127060Analyzed
4v4 RM · 7d ago on Sep 25, 2026· 53m 5s· 8 players
Game mode
Random Map
Map size
Large (8 player)
Population
200
Speed
Normal
Resources
Standard
Victory
Conquest
Starting age
Dark Age
Ending age
Imperial Age
RankedLock teamsTeams togetherTeam positionsShared explorationLock speedFull tech treeHidden civsTurbo modeCheats
Victory
Defeat
🇮🇹 Burmese · Italy
1162
+15
🇨🇳 Italians · China
1143
+35
🇨🇴 Lithuanians · Colombia
1094
+18
🇨🇳 Franks · China
1007
+23
🇹🇼 Varangians · Taiwan
1161
-18
🇹🇼 Danes · Taiwan
1158
-19
🇺🇸 Japanese · United States
1135
-18
🇦🇺 Britons · Australia
1115
-17
richnoob575
10:28 Feudal Age
12:41 Loom
15:49 Castle Age
14:11 Double-Bit Axe
15:11 Horse Collar
17:47 Bow Saw
17:41 Heavy Plow
18:03 Fletching
20:49 Bodkin Arrow
25:52 Padded Archer Armor
31:20 Imperial Age
29:25 Leather Archer Armor
30:45 Wheelbarrow
32:08 Ballistics
32:04 Murder Holes
32:19 Fortified Wall
32:46 Ring Archer Armor
33:01 Conscription
34:34 Yeomen
35:20 Chemistry
34:54 Bracer
34:57 Elite Longbowman
36:57 Gold Mining
37:54 Caravan
37:53 Stone Mining
38:39 Gold Shaft Mining
38:29 Siege Engineers
40:25 Hand Cart
42:04 Two-Man Saw
44:30 Masonry
46:14 Warwolf
49:19 Architecture
49:37 Onager
鍾城堡
11:18 Feudal Age
14:50 Castle Age
13:08 Double-Bit Axe
14:01 Horse Collar
15:33 Gold Mining
15:59 Bow Saw
17:00 Gold Mining
20:05 Heavy Plow
22:28 Scale Barding Armor
22:55 Forging
24:38 Iron Casting
28:45 Stone Mining
29:33 Chain Barding Armor
35:02 Imperial Age
37:05 Conscription
38:19 Plate Barding Armor
椰子
11:03 Feudal Age
13:00 Double-Bit Axe
15:18 Castle Age
17:12 Bow Saw
19:37 Horse Collar
21:27 Loom
22:03 Scale Mail Armor
21:56 Arson
22:14 Squires
22:59 Chain Mail Armor
28:06 Elite Skirmisher
30:03 Fletching
30:39 Bodkin Arrow
33:18 Padded Archer Armor
34:36 Leather Archer Armor
Spicy Meatball
11:04 Feudal Age
17:47 Castle Age
17:08 Double-Bit Axe
17:05 Horse Collar
19:23 Pikeman
20:10 Scale Mail Armor
22:05 Loom
22:15 Gambesons
22:31 Squires
23:43 Bow Saw
26:33 Chain Mail Armor
28:59 Wheelbarrow
33:01 Imperial Age
31:20 Hand Cart
31:18 Forging
33:09 Heavy Plow
33:42 Halberdier
35:14 Plate Mail Armor
35:20 Iron Casting
34:37 Fletching
35:51 Chemistry
39:09 Blast Furnace
38:05 Bodkin Arrow
38:32 Ballistics
38:08 Murder Holes
38:24 Masonry
40:14 Guard Tower
40:10 Arrowslits
40:28 Yasama
40:50 Conscription
42:35 Two-Man Saw
42:15 Keep
41:24 Treadmill Crane
42:12 Arson
42:34 Bracer
会说话的水牛
9:37 Feudal Age
8:04 Loom
15:59 Castle Age
17:16 Double-Bit Axe
29:24 Wheelbarrow
29:20 Bow Saw
30:11 Husbandry
30:24 Stone Mining
33:58 Imperial Age
31:43 Hand Cart
31:14 Town Watch
31:48 Scale Barding Armor
32:28 Ordonnance Companies
33:05 Gold Mining
35:09 Chain Barding Armor
34:42 Cavalier
36:30 Conscription
36:49 Plate Barding Armor
36:24 Forging
37:59 Gold Shaft Mining
38:13 Town Patrol
38:22 Paladin
40:26 Iron Casting
39:55 Chivalry
42:36 Blast Furnace
47:40 Capped Ram
48:15 Light Cavalry
八二年红塔山
9:11 Loom
10:58 Feudal Age
12:02 Double-Bit Axe
14:47 Castle Age
12:43 Horse Collar
13:15 Double-Bit Axe
16:02 Bow Saw
21:05 Wheelbarrow
21:36 Gold Mining
24:02 Loom
28:04 Imperial Age
25:52 Hand Cart
25:36 Fletching
26:32 Bodkin Arrow
26:41 Town Watch
27:24 Padded Archer Armor
28:03 Ballistics
28:05 Scale Mail Armor
30:00 Chemistry
29:36 Heavy Plow
30:00 Bracer
33:23 Conscription
33:00 Stone Mining
34:18 Leather Archer Armor
36:15 Ring Archer Armor
35:57 Squires
36:13 Chain Mail Armor
37:08 Forging
37:33 Elite Genoese Crossbowman
38:46 Coinage
39:40 Masonry
40:09 Bloodlines
40:48 Hoardings
40:00 Treadmill Crane
41:46 Bombard Tower
41:22 Murder Holes
41:59 Plate Mail Armor
42:13 Pirotechnia
42:24 Silk Road
42:56 Guilds
44:33 Elite Skirmisher
46:21 Two-Man Saw
48:39 Architecture
51:11 Iron Casting
51:28 Caravan
Arti
11:23 Feudal Age
16:04 Castle Age
14:17 Gold Mining
14:46 Loom
15:39 Wheelbarrow
15:02 Horse Collar
15:49 Padded Archer Armor
17:32 Forging
18:48 Forging
19:25 Fletching
21:43 Gold Shaft Mining
21:43 Bloodlines
22:08 Husbandry
26:56 Hand Cart
29:49 Heavy Plow
31:05 Stone Mining
32:52 Town Watch
36:54 Imperial Age
35:51 Pikeman
36:31 Squires
36:16 Gambesons
36:18 Arson
36:59 Halberdier
37:42 Scale Mail Armor
38:17 Iron Casting
38:17 Crop Rotation
39:28 Chain Mail Armor
40:39 Blast Furnace
42:04 Bodkin Arrow
46:30 Elite Battle Elephant
Mata Ovejas
10:15 Feudal Age
15:06 Loom
17:42 Castle Age
16:17 Scale Barding Armor
16:38 Horse Collar
16:50 Double-Bit Axe
17:00 Gold Mining
18:14 Forging
17:57 Stone Mining
21:31 Fervor
25:34 Fletching
25:41 Fletching
25:52 Padded Archer Armor
26:22 Bow Saw
28:05 Heavy Plow
30:41 Wheelbarrow
29:52 Town Watch
34:32 Imperial Age
33:16 Chain Barding Armor
33:31 Iron Casting
33:46 Iron Casting
34:56 Husbandry
35:21 Bloodlines
34:59 Cavalier
36:17 Bodkin Arrow
36:28 Paladin
36:44 Elite Skirmisher
39:53 Leather Archer Armor
42:39 Bracer
43:10 Ring Archer Armor
49:19 Chemistry
49:52 Plate Barding Armor
Connection lost

Rejoining the realm…

Still unreachable

The connection could not be restored.

Session expired

The server has moved on; the page needs a fresh start.